AoeStats
← Frog 2nd

Arena

504517792Analyzed
2v2 RM · 27d ago on Sep 5, 2026· 37m 5s· 4 players
Game mode
Random Map
Map size
Medium (4 player)
Population
200
Speed
Normal
Resources
Standard
Victory
Conquest
Starting age
Dark Age
Ending age
Imperial Age
RankedLock teamsTeams togetherTeam positionsShared explorationLock speedFull tech treeHidden civsTurbo modeCheats
Victory
Defeat
🇨🇿 Magyars · Czechia
872
+8
🇨🇿 Khmer · Czechia
853
+8
🇨🇿 Teutons · Czechia
720
-9
🇨🇴 Bohemians · Colombia
620
-7
Frog 2nd
Naurae
4:45 Loom
11:19 Feudal Age
12:33 Horse Collar
12:39 Double-Bit Axe
18:38 Castle Age
17:39 Fletching
19:25 Bodkin Arrow
20:29 Bow Saw
20:28 Heavy Plow
21:02 Padded Archer Armor
22:02 Fervor
24:36 Ballistics
25:00 Sanctity
28:32 Chemistry
27:28 Murder Holes
27:55 Forging
29:10 Wheelbarrow
28:52 Wagenburg Tactics
29:26 Scale Mail Armor
28:57 Pikeman
30:43 Leather Archer Armor
31:00 Fortified Wall
30:56 Town Watch
31:56 Squires
31:42 Arson
32:19 Hand Cart
35:58 Imperial Age
34:22 Town Patrol
35:53 Iron Casting
35:33 Chain Mail Armor
Dr. Imigrant
2:25 Loom
13:23 Feudal Age
13:56 Horse Collar
14:06 Double-Bit Axe
15:20 Wheelbarrow
14:35 Town Watch
17:43 Gold Mining
17:49 Stone Mining
22:23 Castle Age
21:19 Scale Barding Armor
21:05 Fletching
24:13 Bow Saw
24:24 Hand Cart
27:00 Heavy Plow
27:22 Corvinian Army
30:45 Chain Barding Armor
30:20 Bodkin Arrow
34:24 Imperial Age
33:19 Gold Shaft Mining
34:02 Bloodlines
34:26 Murder Holes
34:14 Treadmill Crane
35:39 Husbandry
36:31 Plate Barding Armor
MaweCzech
13:20 Feudal Age
16:36 Castle Age
14:37 Double-Bit Axe
14:46 Horse Collar
15:41 Gold Mining
16:52 Stone Mining
19:48 Bow Saw
23:00 Heavy Plow
24:58 Gold Shaft Mining
25:07 Loom
26:03 Wheelbarrow
25:18 Town Watch
30:05 Imperial Age
28:05 Hand Cart
29:46 Stone Shaft Mining
31:09 Husbandry
31:19 Bloodlines
30:30 Light Cavalry
32:29 Conscription
32:50 Forging
32:46 Scale Barding Armor
34:09 Iron Casting
33:01 Hussar
35:19 Chain Barding Armor
37:04 Blast Furnace
38:01 Plate Barding Armor
Connection lost

Rejoining the realm…

Still unreachable

The connection could not be restored.

Session expired

The server has moved on; the page needs a fresh start.